[ AOE2 MATCH · #470710981 ]
Team RMInca vs Lithuanians
[ REPLAY ANALYSIS · EXTRACTED FROM THE RECORDED GAME ]
Feudal
12:49
Castle
—
Imperial
—
| APM avg | 12.2 |
| APM peak | 35 |
| eAPM avg | 8.4 |
| Villagers / military | 34 / 5 |
Focus
⚔️ 28.3% · 🌾 71.7%
Unknown (2550) ×10 · Archer ×3 · Skirmisher ×2
Feudal
—
Castle
—
Imperial
—
| APM avg | 2.4 |
| APM peak | 67 |
| eAPM avg | 0.5 |
| Villagers / military | 4 / 0 |
Focus
⚔️ 0.0% · 🌾 100.0%
Feudal
15:30
Castle
—
Imperial
—
| APM avg | 26.8 |
| APM peak | 51 |
| eAPM avg | 14.0 |
| Villagers / military | 73 / 61 |
Focus
⚔️ 25.9% · 🌾 74.1%
Militia ×61
Feudal
—
Castle
—
Imperial
—
| APM avg | 0.1 |
| APM peak | 2 |
| eAPM avg | 0.1 |
| Villagers / military | 0 / 0 |
Feudal
16:35
Castle
—
Imperial
—
| APM avg | 26.8 |
| APM peak | 69 |
| eAPM avg | 9.0 |
| Villagers / military | 27 / 40 |
Focus
⚔️ 37.9% · 🌾 62.1%
Militia ×40
Feudal
16:49
Castle
22:46
Imperial
—
| APM avg | 13.1 |
| APM peak | 30 |
| eAPM avg | 6.4 |
| Villagers / military | 40 / 20 |
Focus
⚔️ 21.3% · 🌾 78.7%
Knight ×10 · Militia ×8 · Battering Ram ×2
Match map
Resources at game start + every placement click. Thick line = wall · dashed box = detected house wall. 🟡 gold · ⚪ stone · 🟢 berries · 🔶 boar · ⭕ relic
Your base· Open — unwalled flank
Bullangebrio's base· Open — unwalled flank
medrancas's base· Open — unwalled flank
HPSTRGMNG's base· Open — unwalled flank
andreavsc's base· Open — unwalled flank
aidilAV's base· Open — unwalled flank
Elevation-shaded terrain · ⚠ = detected wall gap · hover for details
Inputs per minute
— tiktok.com/@TEFORRRR - - Bullangebrio
Build order — tiktok.com/@TEFORRRR
70 actions detected in the replay
| 0:02 | Create | Villager (Male) |
| 0:02 | Create | Villager (Male) |
| 0:02 | Create | Villager (Male) |
| 0:02 | Create | Villager (Male) |
| 0:05 | Build | House |
| 0:05 | Build | House |
| 0:06 | Build | House |
| 0:40 | Research | Loom |
| 1:26 | Research | Loom |
| 2:03 | Create | Villager (Male) |
| 2:03 | Create | Villager (Male) |
| 3:14 | Create | Villager (Male) |
| 3:15 | Create | Villager (Male) |
| 3:24 | Build | Barracks |
| 4:30 | Create | Unit 2550 |
| 4:31 | Create | Unit 2550 |
| 4:31 | Create | Unit 2550 |
| 4:52 | Create | Villager (Male) |
| 4:52 | Create | Villager (Male) |
| 5:51 | Create | Villager (Male) |
| 5:52 | Create | Villager (Male) |
| 6:18 | Build | Settlement |
| 6:56 | Create | Villager (Male) |
| 6:56 | Create | Villager (Male) |
| 7:34 | Create | Villager (Male) |
| 7:34 | Create | Villager (Male) |
| 7:34 | Create | Villager (Male) |
| 7:34 | Create | Villager (Male) |
| 8:16 | Create | Villager (Male) |
| 8:17 | Create | Villager (Male) |
| 8:17 | Create | Villager (Male) |
| 9:28 | Create | Villager (Male) |
| 9:28 | Create | Villager (Male) |
| 10:39 | Research | Feudal Age |
| 10:43 | Create | Unit 2550 |
| 10:43 | Create | Unit 2550 |
| 10:43 | Create | Unit 2550 |
| 10:43 | Create | Unit 2550 |
| 11:02 | Create | Unit 2550 |
| 11:02 | Create | Unit 2550 |
| 11:02 | Create | Unit 2550 |
| 11:11 | Build | Barracks |
| 12:49 | Age | Feudal Age |
| 12:52 | Research | Wheelbarrow |
| 12:54 | Create | Villager (Male) |
| 12:54 | Create | Villager (Male) |
| 12:54 | Create | Villager (Male) |
| 13:04 | Build | Settlement |
| 13:56 | Research | Arson |
| 14:47 | Research | Tech 1402 |
| 16:17 | Build | Watch Tower |
| 17:02 | Create | Villager (Male) |
| 17:03 | Create | Villager (Male) |
| 17:03 | Create | Villager (Male) |
| 17:03 | Create | Villager (Male) |
| 17:59 | Build | Market |
| 19:29 | Build | Watch Tower |
| 21:35 | Build | Archery Range |
| 22:12 | Build | Blacksmith |
| 22:34 | Create | Archer |
| 22:34 | Create | Archer |
| 22:34 | Create | Archer |
| 22:44 | Research | Fletching |
| 23:15 | Create | Villager (Male) |
| 23:15 | Create | Villager (Male) |
| 23:15 | Create | Villager (Male) |
| 23:16 | Create | Villager (Male) |
| 25:25 | Build | Settlement |
| 26:28 | Create | Skirmisher |
| 26:28 | Create | Skirmisher |
Build order — Bullangebrio
7 actions detected in the replay
| 0:02 | Create | Villager (Male) |
| 0:02 | Create | Villager (Male) |
| 0:02 | Create | Villager (Male) |
| 0:03 | Create | Villager (Male) |
| 0:05 | Build | House |
| 0:07 | Build | House |
| 0:27 | Research | Loom |
Build order — medrancas
First 150 of 205 actions detected
| 0:01 | Create | Villager (Male) |
| 0:01 | Create | Villager (Male) |
| 0:03 | Build | House |
| 0:05 | Build | House |
| 0:05 | Create | Villager (Male) ×2 |
| 0:05 | Create | Villager (Male) ×2 |
| 1:38 | Create | Villager (Male) |
| 1:38 | Create | Villager (Male) |
| 2:08 | Create | Villager (Male) |
| 2:24 | Create | Villager (Male) |
| 2:24 | Create | Villager (Male) |
| 2:37 | Research | Loom |
| 3:37 | Build | House |
| 3:46 | Create | Villager (Male) |
| 3:46 | Create | Villager (Male) |
| 4:46 | Create | Villager (Male) |
| 4:46 | Create | Villager (Male) |
| 4:46 | Create | Villager (Male) |
| 5:20 | Create | Villager (Male) |
| 5:20 | Create | Villager (Male) |
| 5:56 | Create | Villager (Male) |
| 6:36 | Create | Villager (Male) |
| 6:36 | Create | Villager (Male) |
| 6:44 | Build | Mill |
| 8:19 | Create | Villager (Male) |
| 8:19 | Create | Villager (Male) |
| 8:20 | Create | Villager (Male) |
| 8:24 | Build | Lumber Camp |
| 8:28 | Create | Villager (Male) |
| 8:31 | Build | House |
| 9:29 | Create | Villager (Male) |
| 9:30 | Create | Villager (Male) |
| 10:20 | Create | Villager (Male) |
| 10:21 | Create | Villager (Male) |
| 10:55 | Create | Villager (Male) |
| 10:56 | Create | Villager (Male) |
| 11:00 | Create | Villager (Male) |
| 11:16 | Create | Villager (Male) |
| 11:46 | Create | Villager (Male) |
| 12:45 | Build | Outpost |
| 12:50 | Build | Outpost |
| 12:52 | Create | Villager (Male) |
| 12:57 | Build | Outpost |
| 13:17 | Research | Feudal Age |
| 13:18 | Research | Feudal Age |
| 13:23 | Build | Mining Camp |
| 13:40 | Build | Mill |
| 14:17 | Create | Villager (Male) |
| 14:19 | Build | House |
| 14:49 | Create | Villager (Male) |
| 15:07 | Build | Outpost |
| 15:09 | Build | Palisade Wall |
| 15:11 | Build | Palisade Wall |
| 15:17 | Create | Villager (Male) |
| 15:30 | Age | Feudal Age |
| 15:58 | Create | Villager (Male) |
| 16:08 | Create | Villager (Male) |
| 16:13 | Create | Villager (Male) |
| 16:16 | Build | House |
| 16:23 | Build | Outpost |
| 16:26 | Build | Palisade Wall |
| 16:27 | Build | Palisade Wall |
| 16:52 | Create | Villager (Male) |
| 17:11 | Create | Villager (Male) |
| 17:19 | Build | Barracks |
| 17:31 | Build | Farm |
| 17:32 | Build | Farm |
| 17:32 | Build | Farm |
| 17:32 | Build | Farm |
| 17:32 | Build | Farm |
| 17:33 | Build | Farm |
| 17:33 | Build | Farm |
| 17:33 | Build | Farm |
| 17:38 | Create | Villager (Male) |
| 17:52 | Create | Villager (Male) |
| 17:56 | Build | House |
| 17:57 | Build | House |
| 18:16 | Research | Man-at-Arms (upgrade) |
| 18:16 | Create | Militia |
| 18:16 | Create | Militia |
| 18:16 | Create | Militia |
| 18:18 | Build | Barracks |
| 18:40 | Build | Palisade Wall |
| 18:42 | Build | Palisade Wall |
| 18:49 | Build | Palisade Wall |
| 19:07 | Build | Farm |
| 19:07 | Build | Farm |
| 19:07 | Build | Farm |
| 19:07 | Build | Farm |
| 19:08 | Build | Farm |
| 19:08 | Build | Farm |
| 19:24 | Create | Militia |
| 19:24 | Create | Militia |
| 19:25 | Create | Militia |
| 19:25 | Create | Militia |
| 19:25 | Create | Militia |
| 19:25 | Create | Militia |
| 19:39 | Create | Militia |
| 20:04 | Create | Militia |
| 20:05 | Create | Militia |
| 20:05 | Create | Militia |
| 20:21 | Build | Blacksmith |
| 20:27 | Create | Militia |
| 20:27 | Create | Militia |
| 20:50 | Create | Militia |
| 21:01 | Build | Palisade Wall |
| 21:04 | Create | Villager (Male) |
| 21:09 | Build | Farm |
| 21:09 | Build | Farm |
| 21:09 | Build | Farm |
| 21:20 | Create | Militia |
| 21:20 | Create | Militia |
| 21:21 | Create | Militia |
| 21:21 | Create | Militia |
| 21:40 | Build | Farm |
| 21:43 | Build | Farm |
| 21:51 | Create | Militia |
| 21:51 | Create | Militia |
| 21:51 | Create | Militia |
| 22:01 | Build | Farm |
| 22:05 | Build | Farm |
| 22:06 | Build | Farm |
| 22:13 | Build | Farm |
| 22:14 | Build | Farm |
| 22:30 | Create | Villager (Male) |
| 22:36 | Build | Farm |
| 22:36 | Build | Farm |
| 22:38 | Create | Villager (Male) |
| 22:38 | Create | Villager (Male) |
| 22:38 | Create | Villager (Male) |
| 22:55 | Build | Palisade Wall |
| 22:57 | Create | Villager (Male) |
| 22:59 | Create | Militia |
| 22:59 | Create | Militia |
| 23:11 | Create | Villager (Male) |
| 23:21 | Build | Farm |
| 23:22 | Create | Villager (Male) |
| 23:26 | Build | House |
| 23:28 | Build | House |
| 23:30 | Build | House |
| 23:31 | Build | House |
| 23:39 | Create | Militia |
| 23:40 | Create | Militia |
| 23:40 | Create | Militia |
| 23:52 | Build | Farm |
| 23:59 | Create | Villager (Male) |
| 24:01 | Create | Villager (Male) |
| 24:01 | Create | Villager (Male) |
| 24:20 | Build | Farm |
| 24:20 | Create | Villager (Male) ×2 |
Build order — HPSTRGMNG
0 actions detected in the replay
Build order — andreavsc
108 actions detected in the replay
| 0:03 | Create | Villager (Male) |
| 0:03 | Create | Villager (Male) |
| 0:04 | Create | Villager (Male) |
| 0:04 | Create | Villager (Male) |
| 0:04 | Create | Villager (Male) |
| 0:07 | Build | House |
| 0:09 | Build | House |
| 1:44 | Create | Villager (Male) |
| 1:44 | Create | Villager (Male) |
| 2:22 | Create | Villager (Male) |
| 2:23 | Create | Villager (Male) |
| 2:52 | Build | Barracks |
| 2:59 | Create | Villager (Male) |
| 2:59 | Create | Villager (Male) |
| 3:00 | Create | Villager (Male) |
| 3:43 | Create | Villager (Male) |
| 3:43 | Create | Villager (Male) |
| 4:55 | Build | Mining Camp |
| 5:36 | Create | Militia |
| 5:53 | Build | House |
| 5:54 | Build | House |
| 6:03 | Create | Militia |
| 6:03 | Create | Militia |
| 6:03 | Create | Militia |
| 6:04 | Create | Militia |
| 6:04 | Create | Militia |
| 6:57 | Build | Mill |
| 7:00 | Create | Militia |
| 7:00 | Create | Militia |
| 7:46 | Create | Militia |
| 7:47 | Create | Militia |
| 8:40 | Create | Villager (Male) |
| 8:40 | Create | Villager (Male) |
| 8:40 | Create | Villager (Male) |
| 9:10 | Create | Villager (Male) |
| 9:10 | Create | Villager (Male) |
| 10:08 | Create | Villager (Male) |
| 10:08 | Create | Villager (Male) |
| 10:10 | Create | Militia |
| 10:11 | Create | Militia |
| 10:11 | Create | Militia |
| 10:43 | Build | House |
| 10:45 | Build | House |
| 10:51 | Create | Militia |
| 10:51 | Create | Militia |
| 10:52 | Create | Militia |
| 11:07 | Build | Lumber Camp |
| 11:25 | Create | Militia |
| 11:25 | Create | Militia |
| 13:25 | Build | Farm |
| 13:25 | Build | Farm |
| 13:26 | Build | Farm |
| 13:26 | Build | Farm |
| 13:26 | Build | Farm |
| 13:29 | Build | Farm |
| 14:25 | Research | Feudal Age |
| 16:35 | Age | Feudal Age |
| 16:46 | Research | Arson |
| 16:47 | Research | Man-at-Arms (upgrade) |
| 17:18 | Build | Farm |
| 17:18 | Build | Farm |
| 17:19 | Build | Farm |
| 17:19 | Build | Farm |
| 17:19 | Build | Farm |
| 19:05 | Create | Militia |
| 19:05 | Create | Militia |
| 19:05 | Create | Militia |
| 19:06 | Create | Militia |
| 19:06 | Create | Militia |
| 19:06 | Create | Militia |
| 19:06 | Create | Militia |
| 19:06 | Create | Militia |
| 19:07 | Create | Militia |
| 19:07 | Create | Militia |
| 19:07 | Create | Militia |
| 19:08 | Create | Militia |
| 19:14 | Build | Blacksmith |
| 19:44 | Create | Villager (Male) |
| 19:44 | Create | Villager (Male) |
| 19:59 | Build | Farm |
| 20:01 | Build | Farm |
| 20:09 | Research | Scale Mail Armor |
| 20:55 | Build | Farm |
| 20:55 | Build | Farm |
| 22:06 | Research | Forging |
| 23:05 | Build | Farm |
| 23:56 | Build | Farm |
| 24:03 | Create | Villager (Male) |
| 24:04 | Create | Villager (Male) |
| 24:04 | Create | Villager (Male) |
| 24:05 | Create | Villager (Male) |
| 24:16 | Create | Militia |
| 24:16 | Create | Militia |
| 24:16 | Create | Militia |
| 24:16 | Create | Militia |
| 24:17 | Create | Militia |
| 24:17 | Create | Militia |
| 24:42 | Build | House |
| 24:44 | Build | House |
| 24:45 | Build | House |
| 25:47 | Build | Farm |
| 27:44 | Create | Militia |
| 27:45 | Create | Militia |
| 27:45 | Create | Militia |
| 27:45 | Create | Militia |
| 28:15 | Build | Market |
| 28:25 | Research | Double-Bit Axe |
| 29:41 | Research | Castle Age |
Build order — aidilAV
77 actions detected in the replay
| 0:01 | Create | Villager (Male) ×5 |
| 0:01 | Create | Villager (Male) ×5 |
| 0:04 | Build | House |
| 0:06 | Build | House |
| 1:26 | Create | Villager (Male) |
| 1:26 | Create | Villager (Male) |
| 1:59 | Build | Lumber Camp |
| 2:01 | Create | Villager (Male) |
| 2:27 | Create | Villager (Male) |
| 2:28 | Create | Villager (Male) |
| 3:19 | Research | Loom |
| 3:41 | Create | Villager (Male) |
| 3:42 | Create | Villager (Male) |
| 4:12 | Build | House |
| 4:45 | Create | Villager (Male) |
| 4:45 | Create | Villager (Male) |
| 4:46 | Create | Villager (Male) |
| 7:22 | Build | House |
| 7:27 | Build | Mill |
| 9:43 | Create | Villager (Male) |
| 9:43 | Create | Villager (Male) |
| 11:12 | Build | Barracks |
| 11:17 | Create | Villager (Male) ×3 |
| 11:17 | Create | Villager (Male) ×3 |
| 12:25 | Create | Militia |
| 12:25 | Create | Militia |
| 12:25 | Create | Militia |
| 12:29 | Build | House |
| 12:30 | Build | House |
| 12:30 | Build | House |
| 12:31 | Build | House |
| 12:31 | Build | House |
| 12:36 | Build | Mining Camp |
| 12:56 | Build | Farm |
| 12:56 | Build | Farm |
| 13:14 | Build | Farm |
| 13:14 | Build | Farm |
| 13:15 | Build | Farm |
| 14:39 | Research | Feudal Age |
| 15:00 | Create | Militia |
| 15:00 | Create | Militia |
| 15:35 | Build | Farm |
| 15:39 | Create | Militia |
| 15:40 | Create | Militia |
| 15:40 | Create | Militia |
| 16:14 | Create | Villager (Male) |
| 16:14 | Create | Villager (Male) |
| 16:49 | Age | Feudal Age |
| 17:12 | Build | Stable |
| 18:14 | Create | Villager (Male) |
| 18:51 | Build | Market |
| 20:06 | Research | Castle Age |
| 20:50 | Research | Bloodlines |
| 21:20 | Build | Farm |
| 21:20 | Build | Farm |
| 21:20 | Build | Farm |
| 21:20 | Build | Farm |
| 22:46 | Create | Villager (Male) |
| 22:46 | Age | Castle Age |
| 22:47 | Create | Villager (Male) |
| 22:49 | Create | Knight ×5 |
| 23:16 | Build | Blacksmith |
| 23:37 | Create | Villager (Male) |
| 24:11 | Research | Scale Barding Armor |
| 24:17 | Build | Stable |
| 25:01 | Create | Knight |
| 25:36 | Create | Villager (Male) |
| 25:37 | Create | Villager (Male) |
| 25:43 | Build | Stable |
| 26:16 | Create | Knight |
| 26:33 | Create | Villager (Male) |
| 26:34 | Create | Villager (Male) |
| 26:56 | Build | Siege Workshop |
| 27:17 | Create | Villager (Male) ×2 |
| 29:19 | Create | Knight ×3 |
| 30:16 | Create | Battering Ram |
| 30:17 | Create | Battering Ram |
Match timeline
| 1:13 | HPSTRGMNG · resign |
| 2:52 | andreavsc · first_building Barracks |
| 3:24 | tiktok.com/@TEFORRRR · first_building Barracks |
| 11:12 | aidilAV · first_building Barracks |
| 12:49 | tiktok.com/@TEFORRRR · age_up feudal |
| 15:09 | medrancas · wall_segment Palisade Wall x1 |
| 15:11 | medrancas · wall_segment Palisade Wall x1 |
| 15:30 | medrancas · age_up feudal |
| 16:26 | medrancas · wall_segment Palisade Wall x1 |
| 16:27 | medrancas · wall_segment Palisade Wall x1 |
| 16:35 | andreavsc · age_up feudal |
| 16:49 | aidilAV · age_up feudal |
| 17:12 | aidilAV · first_building Stable |
| 17:19 | medrancas · first_building Barracks |
| 18:40 | medrancas · wall_segment Palisade Wall x1 |
| 18:42 | medrancas · wall_segment Palisade Wall x1 |
| 18:49 | medrancas · wall_segment Palisade Wall x4 |
| 19:22 | tiktok.com/@TEFORRRR · first_market_buy 100 stone |
| 21:01 | medrancas · wall_segment Palisade Wall x12 |
| 21:35 | tiktok.com/@TEFORRRR · first_building Archery Range |
| 22:04 | tiktok.com/@TEFORRRR · first_market_sell 100 food |
| 22:46 | aidilAV · age_up castle |
| 22:55 | medrancas · wall_segment Palisade Wall x12 |
| 26:56 | aidilAV · first_building Siege Workshop |
| 29:42 | medrancas · wall_segment Palisade Wall x5 |
| 29:59 | medrancas · wall_segment Palisade Wall x9 |
| 30:26 | medrancas · wall_segment Palisade Wall x4 |
[ AI ANALYSIS · 1 CREDIT ]
What really happened in this match?
Wolo.gg analyzes every decision: build order, eco, micro, common mistakes by bracket. Personalized analysis on WhatsApp or Discord in 30 seconds.
Civ guide
Inca
Map guide
Arabia
Perfil
tiktok.com/@TEFORRRR